 Dungeon Crawl Stone Soup version 0.28.0 (webtiles) character file.

Game seed: 3215101724335994942

22335 rocky1 the Geomancer (level 12, -3/75 HPs)
             Began as a Gargoyle Earth Elementalist on Feb 13, 2022.
             Was an Elder of Vehumet.
             Shot with an arrow by a deep elf archer (23 damage)
             ... on level 13 of the Dungeon.
             The game lasted 01:08:59 (15984 turns).

rocky1 the Geomancer (Gargoyle Earth Elementalist) Turns: 15984, Time: 01:08:59

Health: -3/75      AC: 18    Str: 14    XL:     12   Next: 99%
Magic:  11/26      EV: 11    Int: 19    God:    Vehumet [****..]
Gold:   432        SH:  0    Dex: 10    Spells: 19/32 levels left

rFire   . . .      SeeInvis .   q - +5 mace of Lotred {vorpal, rC+}
rCold   + . .      Faith    .   (no shield)
rNeg    + . .      Spirit   .   D - +0 troll leather armour {Pargi}
rPois   ∞          Reflect  .   (no helmet)
rElec   +          Harm     .   p - +0 cloak
rCorr   .          Rampage  .   z - +2 pair of gloves
Will    .....                   l - +1 pair of boots
Stlth   ++........              (no amulet)
HPRegen 1.02/turn               k - ring of wizardry
MPRegen 0.20/turn               (no ring)

@: slowed, very slow
A: sickness immunity, AC +8, negative energy resistance 1, electricity
resistance, torment resistance 1, petrification resistance
a: Renounce Religion


You were on level 13 of the Dungeon.
You worshipped Vehumet.
Vehumet was greatly pleased with you.
You visited 3 branches of the dungeon, and saw 15 of its levels.
You also visited: Sewer.

You collected 837 gold pieces.
You spent 405 gold pieces at shops.

Inventory:

Hand Weapons
 i - a +2 broad axe of flaming
 q - the +5 mace of Lotred (weapon) {vorpal, rC+}
   (You found it on level 2 of the Dungeon)

   It inflicts extra damage upon your enemies.
   rC:        It protects you from cold.
Missiles
 c - 164 stones
 E - 9 javelins
 L - 10 curare-tipped darts
Armour
 l - a +1 pair of boots (worn)
 n - a +1 ring mail of fire resistance
 p - a +0 cloak (worn)
 z - a +2 pair of gloves (worn)
 D - a +0 troll leather armour (worn) {Pargi}
 P - a +1 robe of cold resistance
 Q - a +0 buckler
 R - the +2 ring mail of Techug {rElec Dex+2 SInv Stlth-}
   (You found it on level 13 of the Dungeon)

   Dex:       It affects your dexterity (+2).
   rElec:     It insulates you from electricity.
   SInv:      It lets you see invisible.
   Stlth:     It makes you less stealthy.
Jewellery
 b - a ring of ice
 k - a ring of wizardry (left hand)
 M - a ring of positive energy
Wands
 m - a wand of flame (43)
 r - a wand of charming (15)
 y - a wand of digging (3)
 K - a wand of iceblast (10)
 S - a wand of paralysis (7)
Scrolls
 d - 2 scrolls of silence {unknown}
 e - a scroll of enchant weapon {unknown}
 h - 2 scrolls of identify
 s - 2 scrolls of noise
 t - 5 scrolls of blinking
 u - a scroll of fog {unknown}
 v - 4 scrolls of magic mapping
 w - 2 scrolls of brand weapon {unknown}
 x - 3 scrolls of enchant armour
 F - a scroll of torment
 G - 3 scrolls of vulnerability
 H - a scroll of summoning {unknown}
 I - a scroll of immolation {unknown}
 J - 2 scrolls of amnesia {unknown}
 N - 3 scrolls of teleportation {unknown}
Potions
 a - 3 potions of mutation
 f - 5 potions of curing
 g - a potion of haste {unknown}
 j - 2 potions of flight
 o - 5 potions of attraction
 A - 2 potions of heal wounds
 B - 2 potions of brilliance {unknown}
 C - a potion of berserk rage
 O - 3 potions of might
 T - 2 potions of ambrosia {unknown}


   Skills:
 - Level 8.4 Fighting
 - Level 1.5 Dodging
 - Level 2.1 Stealth
 + Level 10.5 Spellcasting
 - Level 10.0 Conjurations
 - Level 4.1 Transmutations
 + Level 3.7 Ice Magic
 - Level 12.1 Earth Magic
 - Level 7.0 Evocations


You had 19 spell levels left.
You knew the following spells:

 Your Spells              Type           Power      Damage    Failure   Level
a - Sandblast             Erth           100%       2d20      1%          1
b - Stone Arrow           Conj/Erth      100%       3d13      1%          3
c - Passwall              Tmut/Erth      33%        N/A       1%          2
d - Ozocubu's Refrigerat  Ice            12%        4d7       77%         7

Your spell library contained the following spells:

 Spells                   Type           Power      Damage    Failure   Level
 Conjure Flame            Conj/Fire      29%        6-21      1%          3
 Static Discharge         Conj/Air       29%        N/A       1%          2
 Petrify                  Tmut/Erth      40%        N/A       1%          4
 Ozocubu's Armour         Ice            24%        N/A       2%          3
 Animate Skeleton         Necr           20%        N/A       3%          1
 Pain                     Necr           40%        1d6       3%          1
 Leda's Liquefaction      Hex/Erth       16%        N/A       3%          4
 Lightning Bolt           Conj/Air       14%        1d28      4%          5
 Call Canine Familiar     Summ           10%        N/A       11%         3
 Gell's Gravitas          Tloc           10%        N/A       11%         3
 Lesser Beckoning         Tloc           10%        N/A       11%         3
 Portal Projectile        Hex/Tloc       20%        N/A       11%         3
 Teleport Other           Tloc           10%        N/A       11%         3
 Vampiric Draining        Necr           10%        2d6       11%         3
 Maxwell's Capacitive Co  Air            5%         ∞         100%        8


Dungeon Overview and Level Annotations

Branches:
Dungeon (13/15)            Temple (1/1) D:4            Lair (0/6) D:11
    Orc (1/2) D:10          Sewer (visited)
 Vaults: D:13-14

Altars:
Ashenzari
Cheibriados
Dithmenos
Elyvilon
Fedhas
Gozag
Hepliaklqana
Kikubaaqudgha
Makhleb
Nemelex Xobeh
Okawaru
Qazlal
Ru
Sif Muna
Trog
Uskayaw
Vehumet
Wu Jian
Xom
Yredelemnul
Zin
The Shining One

Shops:
D:4 (   D:9 !   D:10 =*


Innate Abilities, Weirdness & Mutations

You are immune to sickness and miasma.
Your stone body is resilient. (AC +8)
You are immune to poison.
You resist negative energy. (rN+)
You are resistant to electric shocks. (rElec)
You are resistant to unholy torment.
You are immune to petrification.


Message History

A deep elf archer is nearby!
Casting: Stone Arrow (safe; 1% risk of failure)
Confirm with . or Enter, or press ? or * to list all spells.
Aiming: Sandblast (safe; 1% risk of failure)
Press: ? - help, Shift-Dir - straight line, f - deep elf archer
Aim: a deep elf archer, wielding a +0 longbow, wearing a +0 leather armour and quivering arrows (repelling missiles, 48% to hit)
The deep elf archer repels the blast of sand!
c - 164 stones The deep elf archer gestures at you while chanting.
You are confused.
You're too confused to cast spells.
Okay, then.
Unknown command.
You bump into the rock wall.
The deep elf archer gestures at you while chanting.
You are more confused.
The deep elf archer shoots an arrow.
The arrow hits you.
The deep elf archer shoots an arrow.
The arrow completely misses you.
The deep elf archer gestures at you while chanting.
You resist with significant effort.
The deep elf archer shoots an arrow.
The arrow hits you!
The deep elf archer shoots an arrow.
The arrow misses you.
The deep elf archer shoots an arrow.
The arrow hits you!!
You bump into the rock wall.
The deep elf archer points at you and mumbles some strange words.
You feel yourself slow down.
You feel better.
The deep elf archer shoots an arrow.
The arrow hits you!
The deep elf archer shoots an arrow.
The arrow hits you!
* * * LOW HITPOINT WARNING * * *
The deep elf archer gestures at you while chanting.
You resist with significant effort.
The deep elf archer shoots an arrow.
The arrow hits you.
* * * LOW HITPOINT WARNING * * *
The deep elf archer shoots an arrow.
The arrow hits you!
* * * LOW HITPOINT WARNING * * *
The deep elf archer shoots an arrow.
The arrow hits you but does no damage.
You feel better.
The deep elf archer shoots an arrow.
The arrow hits you!
* * * LOW HITPOINT WARNING * * *
You feel better.
The deep elf archer shoots an arrow.
The arrow hits you!!
You die...

...#..................##...##
.........##..(......<.......####
.........###................##.##
.........##..............##.....#
.........#..........#...........#
............<...................#
...........[#)#.###......[###..##
............#....##....##K.##..#
................@......##......#
............#.##.......##.....###
............#..##..##.##.........
.......##...##......e..#######).#
........#...##....###..# #..#
..................###..# #K.#
...###.#.[.........##..# # #).#
[...#.................##..##.#..#
........#.#..........e# #.......


You could see a deep elf archer (repels missiles).

Vanquished Creatures
  Fannar (D:10)
  A catoblepas (D:13)
  A hydra (D:13)
  2 two-headed ogres (D:11)
  Nergalle (D:10)
  Sonja (D:12)
  3 deep elf pyromancers
  2 ugly things
  3 cyclopes
  Joseph (D:10)
  2 komodo dragons (D:12)
  An unseen horror (D:10)
  Psyche (D:8)
  A kobold demonologist (D:12)
  2 tengu conjurers (D:13)
  An efreet (D:11)
  3 trolls
  A meliai zombie (D:10)
  4 slime creatures (D:12)
  2 shadows
  3 wyverns
  Eustachio (D:5)
  10 yaks
  2 steam dragons (D:8)
  A warg (Orc:1)
  2 water moccasins
  2 acid dragons
  2 black bears
  6 orc warriors
  Pargi (Sewer)
  An ice beast (D:8)
  A sky beast (D:6)
  An ogre (D:6)
  3 necrophages
  3 centaurs
  3 phantoms
  Blork the orc (D:6)
  4 kobold brigands
  5 bullfrogs
  2 scorpions
  A wyvern zombie (D:7)
  11 killer bees
  2 howler monkeys
  16 centaur zombies
  A bullfrog zombie (D:6)
  A jelly (D:6)
  4 hounds
  A gnoll shaman (D:7)
  3 orc priests
  Crazy Yiuf (D:2)
  2 centaur skeletons
  8 orc wizards
  2 iguanas
  Natasha (thrice) (D:2)
  3 howler monkey zombies
  Robin (D:2)
  6 gnolls
  13 adders
  A river rat (D:6)
  A shadow imp (D:7)
  3 white imps
  An ufetubus (D:4)
  2 worms
  A dart slug (D:4)
  29 orcs
  2 endoplasms
  6 giant cockroaches
  7 hobgoblins
  7 kobolds
  2 quokkas
  4 ball pythons
  9 bats
  4 frilled lizards
  13 goblins
  7 rats
266 creatures vanquished.

Vanquished Creatures (others)
  A plant (Orc:1)
1 creature vanquished.

Grand Total: 267 creatures vanquished

Notes
Turn   | Place    | Note
-------+----------+-------------------------------------------
     0 | D:1      | rocky1 the Gargoyle Earth Elementalist began the quest for
                  | the Orb.
     0 | D:1      | Reached XP level 1. HP: 10/10 MP: 3/3
   360 | D:1      | Reached skill level 4 in Earth Magic
   671 | D:1      | Reached XP level 2. HP: 15/15 MP: 5/5
   739 | D:2      | Found a runed translucent door.
   740 | D:2      | Noticed Crazy Yiuf
   761 | D:2      | Noticed Robin
  1003 | D:2      | Killed Robin
  1004 | D:2      | Reached skill level 5 in Earth Magic
  1004 | D:2      | Reached XP level 3. HP: 12/19 MP: 0/6
  1516 | D:2      | Noticed Natasha
  1524 | D:2      | Killed Natasha
  1525 | D:2      | Reached skill level 6 in Earth Magic
  1525 | D:2      | Reached XP level 4. HP: 18/24 MP: 4/7
  1680 | D:2      | Noticed Natasha
  1681 | D:2      | Killed Natasha
  1939 | D:2      | Noticed Natasha
  1942 | D:2      | Killed Natasha
  1943 | D:2      | Reached XP level 5. HP: 28/28 MP: 5/8
  1985 | D:2      | Killed Crazy Yiuf
  1986 | D:2      | Reached skill level 7 in Earth Magic
  1996 | D:2      | Identified the +5 mace of Lotred {vorpal, rC+}
  2113 | D:2      | Learned a level 2 spell: Passwall
  2117 | D:2      | Learned a level 3 spell: Stone Arrow
  2140 | D:3      | Found a glowing golden altar of the Shining One.
  2851 | D:4      | Found Iguirait's Weapon Emporium.
  2867 | D:4      | Reached XP level 6. HP: 32/32 MP: 6/9
  2869 | D:4      | Reached skill level 8 in Earth Magic
  2943 | D:4      | Noticed a necrophage
  2949 | D:4      | Killed a necrophage
  3048 | D:4      | Found a shadowy altar of Dithmenos.
  3053 | D:4      | Found a sparkling altar of Nemelex Xobeh.
  3061 | D:4      | Found a radiant altar of Vehumet.
  3063 | D:4      | Found a burning altar of Makhleb.
  3068 | D:4      | Became a worshipper of Vehumet
  3071 | D:4      | Found a glowing silver altar of Zin.
  3156 | D:4      | Reached skill level 9 in Earth Magic
  3225 | D:4      | Found a staircase to the Ecumenical Temple.
  3246 | Temple   | Entered the Ecumenical Temple
  3590 | D:5      | Entered Level 5 of the Dungeon
  3612 | D:5      | Reached XP level 7. HP: 36/36 MP: 6/10
  3660 | D:5      | Reached skill level 1 in Conjurations
  3719 | D:5      | Noticed Eustachio
  3723 | D:5      | Killed Eustachio
  3885 | D:5      | Reached XP level 8. HP: 41/41 MP: 10/13
  3980 | D:5      | Reached * piety under Vehumet
  3980 | D:5      | Offered knowledge of Freeze by Vehumet.
  4247 | D:6      | Noticed Blork the orc
  4255 | D:6      | Killed Blork the orc
  4256 | D:6      | Reached skill level 10 in Earth Magic
  4343 | D:6      | Found a glowing drain.
  4351 | Sewer    | Entered a sewer
  4390 | Sewer    | Noticed Pargi
  4394 | Sewer    | Killed Pargi
  4717 | D:6      | Reached skill level 5 in Conjurations
  4861 | D:6      | Reached ** piety under Vehumet
  4933 | D:6      | Offered knowledge of Poisonous Vapours by Vehumet.
  5081 | D:6      | Reached skill level 5 in Spellcasting
  5081 | D:6      | Reached XP level 9. HP: 45/45 MP: 14/16
  5623 | D:7      | Reached skill level 11 in Earth Magic
  6081 | D:7      | Identified the +8 hunting sling of the Sky {freeze, Str+8
                  | Dex+4}
  6929 | D:8      | Offered knowledge of Inner Flame by Vehumet.
  7152 | D:8      | Reached skill level 12 in Earth Magic
  7275 | D:8      | Reached XP level 10. HP: 50/50 MP: 7/19
  7279 | D:8      | Reached *** piety under Vehumet
  7407 | D:8      | Noticed Psyche
  7414 | D:8      | Killed Psyche
  7415 | D:8      | Reached skill level 1 in Fighting
  7415 | D:8      | Reached skill level 1 in Evocations
  8240 | D:9      | Found an ancient bone altar of Kikubaaqudgha.
  8240 | D:9      | Found a shimmering altar of Xom.
  8344 | D:9      | Found a broken altar of Ashenzari.
  8357 | D:9      | Found Xyshrorch's Distillery.
  8366 | D:9      | Bought a potion of mutation for 120 gold pieces
  8366 | D:9      | Bought a potion of flight for 45 gold pieces
  8366 | D:9      | Bought a potion of might for 60 gold pieces
  8366 | D:9      | Bought a potion of attraction for 45 gold pieces
  8366 | D:9      | Bought a potion of magic for 120 gold pieces
  8366 | D:9      | Bought a potion of degeneration for 15 gold pieces
  8656 | D:9      | Offered knowledge of Hailstorm by Vehumet.
 10021 | D:10     | Entered Level 10 of the Dungeon
 10021 | D:10     | Found a staircase to the Orcish Mines.
 10262 | D:10     | Found Erey's Neck Hole.
 10491 | D:10     | Found a basalt altar of Yredelemnul.
 10501 | D:10     | Reached XP level 11. HP: 62/62 MP: 7/22
 10689 | D:10     | Noticed Joseph
 10694 | D:10     | Killed Joseph
 10695 | D:10     | Reached skill level 5 in Fighting
 11030 | D:10     | Noticed Nergalle
 11037 | D:10     | Killed Nergalle
 11440 | D:10     | Found Ponge's One-of-a-Kind Rings.
 11563 | D:10     | Noticed Fannar
 11590 | D:10     | Killed Fannar
 11805 | D:10     | Found a bloodstained altar of Trog.
 11967 | D:11     | Reached skill level 5 in Evocations
 12112 | D:11     | Reached skill level 10 in Conjurations
 12269 | D:10     | Reached skill level 1 in Transmutations
 12371 | D:11     | Noticed a two-headed ogre
 12377 | D:11     | Killed a two-headed ogre
 12470 | D:11     | Reached **** piety under Vehumet
 12632 | D:11     | Reached XP level 12. HP: 71/71 MP: 14/25
 12951 | D:11     | Noticed a two-headed ogre
 12962 | D:11     | Killed a two-headed ogre
 13103 | D:11     | Found a staircase to the Lair.
 13871 | D:12     | Noticed Sonja
 13877 | D:12     | Killed Sonja
 14169 | D:12     | Noticed a soul eater
 14443 | D:12     | Offered knowledge of Conjure Flame by Vehumet.
 14770 | D:13     | Identified the +2 ring mail of Techug {rElec Dex+2 SInv
                  | Stlth-}
 14927 | D:13     | Learned a level 7 spell: Ozocubu's Refrigeration
 15079 | D:13     | Noticed a catoblepas
 15177 | Orc:1    | Entered Level 1 of the Orcish Mines
 15182 | Orc:1    | Reached skill level 10 in Spellcasting
 15182 | Orc:1    | Reached skill level 1 in Ice Magic
 15319 | Orc:1    | Noticed an orc warlord
 15514 | D:13     | Noticed a four-headed hydra
 15519 | D:13     | Killed a four-headed hydra
 15708 | D:13     | Killed a catoblepas
 15984 | D:13     | Shot with an arrow by a deep elf archer

Illustrated notes

Levels and vault maps discovered:
D:1:      minmay_arrival_radiant_lines, layout_loops_ring
D:2:      layout_basic, grunt_decor_arrowhead, chequers_serial_rivers_micro_b,
          uniq_crazy_yiuf_cottage, uniq_natasha, uniq_robin
D:3:      layout_loops_ring, mainiacjoe_overflow_paths
D:4:      layout_basic, nicolae_overflow_hallway_of_the_gods, temple_pool_b,
          serial_shops, shop, minmay_misc_feat_enclosed
D:5:      layout_cave_pools, uniq_eustachio
D:6:      layout_loops_ring, lightli_sewer_entry_pipes, uniq_blork_the_orc
D:7:      layout_basic, hangedman_decor_growths
D:8:      layout_rooms, chequers_arboretum, kennysheep_generic_room_8,
          uniq_psyche
D:9:      hellmonk_warped_wall, layout_grid_maze,
          mainiacjoe_overflow_six_doors_small,
          gammafunk_temple_overflow_elements, serial_shops, shop
D:10:     layout_stronghold, mainiacjoe_overflow_alcove_2,
          nicolae_yredelemnul_corpse_copse, nicolae_shop_unique_rings,
          minmay_misc_feat_x, amethyst_killhole,
          nicolae_shop_sticking_my_neck_out, uniq_nergalle, uniq_fannar,
          uniq_joseph
D:11:     layout_rooms, lair_entry_dummy
D:12:     layout_gridville, uniq_sonja
D:13:     layout_cave_pools, hangedman_vaults_entry_quadrant_bands
Temple:   jpeg_temple_clearing
Orc:1:    giant_chief_lemuel, layout_diamond_mine, basic_altar

Skill      XL: |  1  2  3  4  5  6  7  8  9 10 11 12 |
---------------+-------------------------------------+-----
Earth Magic    | 4 5 6 7 9 10 12 | 12.1
Conjurations   | 3 5 7 9 10 | 10.0
Spellcasting   | 3 5 6 7 9 10 | 10.5
Fighting       | 4 6 8 |  8.4
Evocations     | 3 5 7 |  7.0
Transmutations | 2 4 |  4.1
Ice Magic      | 3 |  3.7
Dodging        | |  1.5
Stealth        | |  2.1

Action                   |  1- 3 |  4- 6 |  7- 9 | 10-12 || total
-------------------------+-------+-------+-------+-------++-------
Melee: Unarmed           |    24 |       |       |       ||    24
       Dagger            |    10 |     5 |       |       ||    15
       Mace              |       |    29 |    82 |    61 ||   172
       Punch             |       |     1 |     1 |       ||     2
 Cast: Sandblast         |    28 |    42 |    80 |    42 ||   192
       Stone Arrow       |       |       |    44 |   268 ||   312
       Passwall          |       |       |       |     1 ||     1
  Use: Scroll            |       |       |     5 |     2 ||     7
       Potion            |       |       |       |     4 ||     4
 Stab: Sleeping          |     1 |     4 |       |       ||     5
Armor: Robe              |    22 |    15 |    34 |       ||    71
       Troll leather arm |       |       |    55 |   174 ||   229
Dodge: Dodged            |    19 |    25 |   108 |   138 ||   290
